 Dungeon Crawl Stone Soup version 0.18-a0-1685-g4482fe3 (webtiles) character file.

121 namelastname112 the Grasshopper (level 4, -1/38 HPs)
             Began as a Draconian Warper on Apr 4, 2016.
             Slain by a gnoll
             ... wielding a +0 whip
              (8 damage)
             ... on level 2 of the Dungeon.
             The game lasted 00:02:44 (1204 turns).

namelastname112 the Grasshopper (Draconian Warper)  Turns: 1204, Time: 00:02:45

Health: -1/38      AC:  6    Str: 13    XL:     4   Next: 77%
Magic:  6/7        EV: 13    Int: 13    God:
Gold:   41         SH:  0    Dex: 12    Spells: 2 memorised, 4 levels left

rFire  . . .     SeeInvis .     k - +5 club
rCold  . . .     Gourm    .     (armour unavailable)
rNeg   . . .     Faith    .     (no shield)
rPois  .         Spirit   .     (helmet restricted)
rElec  .         Dismiss  .     m - +0 cloak
rCorr  .         Reflect  .     (no gloves)
SustAt .         Harm     .     (no boots)
MR     .....                    (no amulet)
Stlth  +.........               (no ring)
                                (no ring)

@: not resistant to hostile enchantments, very unstealthy
A: unfitting armour, cold-blooded, AC +5
a: no special abilities


You were on level 2 of the Dungeon.
You were near starving.

You visited 1 branch of the dungeon, and saw 2 of its levels.

You collected 41 gold pieces.

Inventory:

Hand Weapons
 a - a +0 short sword
 k - a +5 club (weapon)
Missiles
 d - 5 tomahawks of dispersal (quivered)
 n - 17 arrows
Armour
 m - a +0 cloak (worn)
Scrolls
 c - a scroll of blinking
 e - 4 scrolls of remove curse {unknown}
 h - a scroll of teleportation {unknown}
 j - a scroll of enchant armour {unknown}
Potions
 g - a potion of degeneration {unknown}
 i - a potion of haste {unknown}
 l - 2 potions of mutation {unknown}
Books
 b - a book of Spatial Translocations

   Spells                             Type                      Level
   a - Apportation                    Translocation                1
   b - Blink                          Translocation                2
   c - Shroud of Golubria             Charms/Translocation         2
   d - Portal Projectile              Translocation                3
   e - Teleport Other                 Translocation                3
   f - Passage of Golubria            Translocation                4
Comestibles
 f - a bread ration


   Skills:
 + Level 3.2 Fighting
 + Level 2.8 Short Blades
 - Level 0.8 Throwing
 + Level 3.1 Dodging
 - Level 2.0 Spellcasting
 + Level 3.8 Translocations


You had 4 spell levels left.
You knew the following spells:

 Your Spells              Type           Power        Failure   Level  Hunger
a - Apportation           Tloc           ##........   8%          1    ##.....
c - Blink                 Tloc           N/A          10%         2    ###....


Dungeon Overview and Level Annotations

Branches:
Dungeon (2/15)

Altars:


Innate Abilities, Weirdness & Mutations

Your plain brown scales are hard (AC +5).
Your body does not fit into most forms of armour.
You are cold-blooded and may be slowed by cold attacks.


Message History

You barely miss the gnoll.
The gnoll is heavily wounded.
The gnoll hits you with a whip.
* * * LOW HITPOINT WARNING * * *
You hit the gnoll but do no damage.
The gnoll is heavily wounded.
The gnoll hits you with a whip.
* * * LOW HITPOINT WARNING * * *
The gnoll barely misses you.
Casting: Blink
Confirm with . or Enter, or press ? or * to list all spells.
You blink.
Found a club.
You see here a hand axe.
Things that are here:
a bat skeleton; a goblin skeleton x2
You hit the gnoll.
The gnoll is severely wounded.
The gnoll closely misses you. The gnoll hits you with a whip!
You die...

..........# #.# #.#
### .......).<# #†#
#.# # ........<.# #.#
## #.# )..$.....w#
#.##.. ..# ..........#
#.#.. ### ..........#
#.#.# #######
####.####.# #.#.#
#...... #. #g# #...#
#.##### ## #@####..#
#.## # #.###÷##..g.#
#..# #...(....##.#
##g# #........##.##
#[### #.......###.h##
#...##
#.......####g.#####..#
#..............## ##..
#...(...#####...# ##.
##.##.### #.#.## #.


You could see a worm and a gnoll.

Vanquished Creatures
  Ijyb (D:2)
  3 gnolls (D:2)
  An adder (D:2)
  A dart slug (D:1)
  4 giant geckos
  3 bats
  3 giant cockroaches
  4 goblins
  4 hobgoblins (D:1)
  11 jackals
  2 ball pythons (D:1)
  A giant newt (D:2)
  5 kobolds
  6 rats
49 creatures vanquished.

Notes
Turn   | Place    | Note
--------------------------------------------------------------
     0 | D:1      | namelastname112 the Draconian Warper began the quest for the Orb.
     0 | D:1      | Reached XP level 1. HP: 17/17 MP: 3/3
    87 | D:1      | Reached XP level 2. HP: 8/24 MP: 5/5
   613 | D:1      | Reached XP level 3. HP: 30/30 MP: 6/6
   824 | D:1      | Learned a level 2 spell: Blink
   970 | D:2      | Noticed Ijyb
  1127 | D:2      | Killed Ijyb
  1127 | D:2      | Reached XP level 4. HP: 27/38 MP: 7/7
  1204 | D:2      | Slain by a gnoll

Vault maps used:
D:1:      onia_arrival_handbag
D:2:      uniq_iyjb

Skill      XL: |  1  2  3 |
---------------+----------+-----
Fighting       | 3 |  3.2
Dodging        | 3 |  3.1
Short Blades   | |  2.8
Throwing       | |  0.8
Spellcasting   | |  2.0
Translocations | |  3.8

Action                   |  1- 3 |  4- 6 || total
-------------------------+-------+-------++-------
Melee: Short sword       |   234 |       ||   234
       Club              |       |    19 ||    19
 Cast: Blink             |     2 |     1 ||     3
  Use: Potion            |     2 |       ||     2
